 Dungeon Crawl Stone Soup version 0.24.1 (webtiles) character file.

Game seed: 13276909982307959876, levelgen mode: deterministic

15 Chiseanne the Charmwright (level 2, 0/23 HPs)
             Began as a Demonspawn Skald on Mar 29, 2020.
             Slain by a frilled lizard (2 damage)
             ... on level 1 of the Dungeon.
             The game lasted 00:02:26 (198 turns).

Chiseanne the Charmwright (Demonspawn Skald)         Turns: 198, Time: 00:02:27

Health: 0/23       AC:  3    Str: 11    XL:     2   Next: 34%
Magic:  5/5        EV: 12    Int: 14    God:
Gold:   21         SH:  0    Dex: 12    Spells: 4/5 levels left

rFire    . . .     SeeInvis .   a - +0 falchion
rCold    + . .     Gourm    .   (no shield)
rNeg     . . .     Faith    .   b - +0 leather armour
rPois    .         Spirit   .   (no helmet)
rElec    .         Reflect  .   (no cloak)
rCorr    .         Harm     .   (no gloves)
MR       .....                  (no boots)
Stlth    +.........             (no amulet)
HPRegen  0.07/turn              (no ring)
MPRegen  0.09/turn              (no ring)

@: no status effects
A: cold resistance 1
a: no special abilities


You were on level 1 of the Dungeon.
You were not hungry.

You visited 1 branch of the dungeon, and saw 1 of its levels.

You collected 21 gold pieces.

Inventory:

Hand Weapons
 a - a +0 falchion (weapon)
Armour
 b - a +0 leather armour (worn)
 e - a +0 pair of gloves
Comestibles
 d - a ration


   Skills:
 * Level 2.3 Fighting
 - Level 1.7 Long Blades
 - Level 0.8 Armour
 * Level 2.1 Dodging
 * Level 2.3 Spellcasting
 - Level 2.6 Charms


You had 4 spell levels left.
You knew the following spells:

 Your Spells              Type           Power        Failure   Level  Hunger
a - Infusion              Chrm           #...         10%         1    #......

Your spell library contained the following spells:

 Spells                   Type           Power        Failure   Level  Hunger
 Song of Slaying          Chrm           #.......     16%         2    ###....
 Shroud of Golubria       Chrm/Tloc      #.....       26%         2    ###....
 Regeneration             Chrm/Necr      #.........   45%         3    ###....
 Spectral Weapon          Hex/Chrm       #.......     45%         3    ###....


Dungeon Overview and Level Annotations

Branches:
Dungeon (1/15)

Altars:


Innate Abilities, Weirdness & Mutations

Your flesh is cold resistant. (rC+)


Message History

As you read the scroll labeled TOXODO ISMIA, it crumbles to dust.
It is a scroll of identify.
e - a +0 pair of gloves The frilled lizard closely misses you.
The frilled lizard closely misses you.
You riposte.
You closely miss the frilled lizard.
Keep equipping yourself?
You start putting on your armour.
You continue putting on your +0 pair of gloves.
The frilled lizard bites you.
* * * LOW HITPOINT WARNING * * *
You continue putting on your +0 pair of gloves.
The frilled lizard closely misses you.
You riposte.
You barely miss the frilled lizard.
You continue putting on your +0 pair of gloves.
The frilled lizard completely misses you.
You riposte.
You closely miss the frilled lizard.
You continue putting on your +0 pair of gloves.
The frilled lizard bites you.
You die...

.........≈...#.#.≈#
*,,,,,#.....
######.≈≈≈.#.#.#.≈#
*,,,,,#....K
,......≈...#.#.#.≈#
*,,,,,#....#
*##.≈≈≈≈.###.#.#.≈#
*,,,,,#....#
,...≈....#...#.#.≈#
******###..#
≈≈≈≈≈###########.≈#
######K.. *####*
#.## #........ #.#
#...l.... #@#
#.......# #l#
#...†...#
#K########.......#
#...Kg.l..........
##....)...........
#.........###...#
#.........# #####
#.........#
#.........#


You could see a kobold and a frilled lizard.

Vanquished Creatures
  A leopard gecko (D:1)
  A giant cockroach (D:1)
  2 goblins (D:1)
  2 hobgoblins (D:1)
  2 kobolds (D:1)
  3 bats (D:1)
  3 rats (D:1)
14 creatures vanquished.

Notes
Turn   | Place    | Note
-------+----------+-------------------------------------------
     0 | D:1      | Chiseanne the Demonspawn Skald began the quest for the Orb.
     0 | D:1      | Reached XP level 1. HP: 16/16 MP: 3/3
   156 | D:1      | Gained mutation: Your flesh is cold resistant. (rC+)
                  | [demonic ancestry]
   156 | D:1      | Reached XP level 2. HP: 15/22 MP: 5/5
   198 | D:1      | Slain by a frilled lizard

Levels and vault maps discovered:
D:1:      psy_arrival_radial02, layout_basic, kennysheep_boxes

Skill      XL: |  1 |
---------------+----+-----
Dodging        | 2 |  2.1
Fighting       | |  2.3
Long Blades    | |  1.7
Armour         | |  0.8
Spellcasting   | |  2.3
Charms         | |  2.6

Action                   || total
-------------------------++-------
Melee: Falchion          ||    57
  Use: Scroll            ||     2
Armor: Leather armour    ||    23
Dodge: Dodged            ||    74
       Rpst.: Falchion   ||    18
